 Dungeon Crawl Stone Soup version 0.27-a0-343-gfcad680f63 (webtiles) character file.

Game seed: 9996093024459303212

46 dickylongcocking the Ruffian (level 3, -2/26 HPs)
             Began as an Octopode Fighter on Feb 14, 2021.
             Killed from afar by an orc wizard (4 damage)
             ... with a magic dart
             ... on level 3 of the Dungeon.
             The game lasted 00:01:05 (1329 turns).

dickylongcocking the Ruffian (Octopode Fighter)     Turns: 1329, Time: 00:01:05

Health: -2/26      AC:  1    Str: 15    XL:     3   Next: 66%
Magic:  3/3        EV: 11    Int: 10    God:
Gold:   50         SH:  8    Dex: 12    Spells: 2/2 levels left

rFire    . . .     SeeInvis .     - Unarmed
rCold    . . .     Faith    +   a - +0 kite shield
rNeg     . . .     Spirit   .   (helmet restricted)
rPois    .         Reflect  .   c - amulet of faith
rElec    .         Harm     .   (no ring)
rCorr    .         Rampage  .   (no ring)
Will     .....                  (no ring)
Stlth    +++.......             (no ring)
HPRegen  0.08/turn              (no ring)
MPRegen  0.08/turn              (no ring)
                                (no ring)
                                (no ring)

@: mighty
A: almost no armour, stealthy swim, amphibious, 8 rings, constrict 8, camouflage
1, gelatinous body 1
a: no special abilities


You were on level 3 of the Dungeon.
You visited 1 branch of the dungeon, and saw 3 of its levels.

You collected 50 gold pieces.

Inventory:

Armour
 a - a +0 kite shield (worn)
Jewellery
 c - an amulet of faith (around mantle)
Scrolls
 d - a scroll of fear {unknown}
 e - a scroll of random uselessness {unknown}
 f - a scroll of teleportation {unknown}
 g - a scroll of amnesia {unknown}
 h - a scroll of blinking {unknown}
 i - a scroll of immolation {unknown}
 k - a scroll of identify {unknown}


   Skills:
 - Level 3.0 Fighting
 - Level 3.0 Dodging
 * Level 2.4 Stealth
 - Level 3.0 Shields
 * Level 3.4 Unarmed Combat


You had 2 spell levels left.
You didn't know any spells.
Your spell library was empty.

Dungeon Overview and Level Annotations

Branches:
Dungeon (3/15)

Altars:


Innate Abilities, Weirdness & Mutations

You cannot wear most types of armour.
You are very stealthy in the water. (Stealth+)
You are amphibious.
You can wear up to eight rings at the same time.
You can use your tentacles to constrict eight enemies at once.
Your skin changes colour to match your surroundings (Stealth+).
Your rubbery body absorbs attacks. (AC +1, EV +1)


Message History

You miss something.
The hobgoblin shouts!
Something hits you.
You miss something. Your squeeze misses something.
You block something's attack.
You tentacle-slap something.
You hear some strange, mumbled words.
A magic dart appears from out of thin air!
The magic dart hits you!
You barely miss something.
You hear some strange, mumbled words.
A magic dart appears from out of thin air!
The magic dart hits you!
* * * LOW HITPOINT WARNING * * *
You closely miss something. You squeeze something.
Something hits you but does no damage. You block something's attack.
Unknown command.
You miss something. Something hits you but does no damage.
Unknown command.
It was a potion of curing.
You feel better. Something hits you.
You closely miss something.
You hear some strange, mumbled words.
You are confused.
You bump into the rock wall.
Something hits you but does no damage.
Unknown command.
You closely miss something.
You hear some strange, mumbled words.
A puff of flame appears from out of thin air!
The puff of flame hits you!
* * * LOW HITPOINT WARNING * * *
You closely miss something. Something hits you.
* * * LOW HITPOINT WARNING * * *
Unknown command.
You feel less confused. You block something's attack.
There is a stone staircase leading up here.
You hear some strange, mumbled words.
A magic dart appears from out of thin air!
The magic dart hits you.
You die...

### #@#
##########{#
.....goo.o.#
############


You could see an orc.

Vanquished Creatures
  3 dart slugs (D:1)
  2 orcs (D:3)
  2 ball pythons (D:1)
  4 bats
  A giant cockroach (D:1)
  5 goblins (D:1)
  6 hobgoblins
  2 frilled lizards (D:1)
  4 kobolds
  6 rats
35 creatures vanquished.

Notes
Turn   | Place    | Note
-------+----------+-------------------------------------------
     0 | D:1      | dickylongcocking the Octopode Fighter began the quest for
                  | the Orb.
     0 | D:1      | Reached XP level 1. HP: 16/16 MP: 1/1
    46 | D:1      | Reached XP level 2. HP: 10/21 MP: 2/2
   281 | D:1      | Reached skill level 1 in Stealth
   370 | D:1      | Reached XP level 3. HP: 22/26 MP: 3/3
  1329 | D:3      | Killed from afar by an orc wizard

Illustrated notes

Levels and vault maps discovered:
D:1:      lightli_arrival_boilingwater, layout_basic, minmay_misc_feat_cross
D:2:      layout_rooms
D:3:      layout_basic, old_standard_altar, ebering_ghost_sewer_f,
          interstate_on_off, uniq_purgy

Skill      XL: |  1  2  3 |
---------------+----------+-----
Unarmed Combat | 3 |  3.4
Stealth        | 1 2 |  2.4
Fighting       | |  3.0
Dodging        | |  3.0
Shields        | |  3.0

Action                   || total
-------------------------++-------
Melee: Unarmed           ||    74
       Constrict         ||    22
       Tentacles         ||    11
       Punch             ||     2
  Use: Potion            ||     2
 Stab: Sleeping          ||     7
Armor: Skin              ||     5
Dodge: Dodged            ||    30
Block: Kite shield       ||    25

Table legend: (Time is in decaauts)
 A = Elapsed time spent in this place.
 B = Non-inter-level travel time spent in this place.
 C = Inter-level travel time spent in this place.
 D = Time resting spent in this place.
 E = Time spent auto-exploring this place.
 F = Levels seen in this place.
 G = Mean time per level.
                   A        B        C        D        E       F      G
               +--------+--------+--------+--------+--------+-----+--------+
         Total |   1341 |   1295 |     46 |    229 |    815 |   3 |  447.0 |
       Dungeon |   1341 |   1295 |     46 |    229 |    815 |   3 |  447.0 |
               +--------+--------+--------+--------+--------+-----+--------+

Top non-repeatable levels by time:
     D:1: 849 daAuts
     D:2: 461 daAuts
     D:3: 30 daAuts
